 Dungeon Sprint DCSS version 0.29.1-2-gbd0b4ee654 (webtiles) character file.

Game seed: 9994094580179972135

1876 boopmooplesden the Fencer (level 8, 0/81 HPs)
             Began as a Minotaur Berserker on Nov 28, 2022.
             Was a High Priest of Trog.
             Slain by a polar bear (2 damage)
             ... in the Dungeon (Sprint II: "The Violet Keep of Menkaure").
             The game lasted 00:02:17 (761 turns).

boopmooplesden the Fencer (Minotaur Berserker)       Turns: 761, Time: 00:02:17

Health: 0/81       AC: 15    Str: 22    XL:     8   Next: 91%
Magic:  7/7        EV:  6    Int:  2    God:    Trog [*****.]
Gold:   105        SH: 12    Dex: 12    Spells: 7/7 levels left

rFire   . . .      SeeInvis .   j - +5 falchion (elec)
rCold   . . .      Faith    .   k - +2 tower shield {AC+3}
rNeg    . . .      Spirit   .   l - +2 chain mail {Will+}
rPois   .          Reflect  .   (helmet restricted)
rElec   .          Harm     .   (no cloak)
rCorr   .          Rampage  .   (no gloves)
Will    +....      NoTele   +   (no boots)
Stlth   ..........              (no amulet)
HPRegen 0.23/turn               (no ring)
MPRegen 0.10/turn               (no ring)

@: on berserk cooldown, slowed, very slow
A: horns 2, retaliatory headbutt, dopey 1, frail 1
a: Renounce Religion, Berserk, Trog's Hand, Brothers in Arms


You were in the Dungeon.
You worshipped Trog.
Trog was extremely pleased with you.
You visited 1 branch You collected 729 gold pieces.
You spent 624 gold pieces at shops.

Inventory:

Hand Weapons
 a - a +0 falchion
 j - a +5 falchion of electrocution (weapon)
Armour
 b - a +0 animal skin
 k - a +2 tower shield of protection (worn)
 l - a +2 chain mail of willpower (worn)
Scrolls
 h - a scroll of blinking
 i - a scroll of enchant armour {unknown}
Potions
 c - a potion of curing
 d - a potion of heal wounds
 e - a potion of haste
 f - 2 potions of magic
 g - a potion of berserk rage


   Skills:
 + Level 14.3 Fighting
 + Level 15.7 Long Blades
 + Level 7.4 Armour
 + Level 7.9 Dodging
 + Level 2.7 Stealth
 + Level 1.1 Shields


You had 7 spell levels left.
You didn't know any spells.
Your spell library was empty.

Dungeon Overview and Level Annotations

Branches:
Dungeon (1/1)

Altars:
Cheibriados
Dithmenos
Elyvilon
Fedhas
Gozag
Hepliaklqana
Kikubaaqudgha
Makhleb
Nemelex Xobeh
Qazlal
Ru
Sif Muna
Trog
Uskayaw
Wu Jian
Xom
Yredelemnul
Jiyva
Lugonu

Shops:
D =(:=:?*[!=(([!=

Annotations:
D exclusions: ice statue and oklob plant


Innate Abilities, Weirdness & Mutations

You have a pair of horns on your head.
You reflexively headbutt those who attack you in melee.
You are dopey. (Int -2)
You are frail. (-10% HP)


Message History

You slash Menkaure!
You destroy Menkaure!
Trog accepts your kill.
Trog appreciates your killing of a magic user.
The yaktaur shoots a bolt.
The bolt barely misses you.
Found three altars.
Found three altars.
You feel a strong urge to attack something.
The yaktaur unwields a +0 arbalest.
You block the yaktaur's attack.
You see here a polar bear corpse.
You slice the yaktaur!! Your headbutt misses the yaktaur.
The yaktaur is almost dead.
Your unstable footing causes you to fumble your attack.
You block the yaktaur's attack.
Your unstable footing causes you to fumble your attack.
You are no longer berserk.
You are exhausted.
You feel yourself slow down. The yaktaur hits you!
* * * LOW HITPOINT WARNING * * *
You hit the yaktaur but do no damage. You headbutt the yaktaur.
You kill the yaktaur!
Trog accepts your kill.
You hear a splash. x2
Your Shields skill increases to level 1!
A polar bear comes into view.
Found a dagger.
Found a stormy altar of Qazlal and an ornate altar of the Wu Jian Council.
The polar bear growls angrily.
Things that are here:
a +0 arbalest; 81 gold pieces; a yaktaur corpse Your unstable footing causes you to fumble your attack.
You block the polar bear's attack.
The polar bear claws you but does no damage. x2
The polar bear bites you!
* * * LOW HITPOINT WARNING * * *
The polar bear claws you but does no damage. x2
You hit the polar bear.
The polar bear is heavily wounded.
The polar bear bites you.
You die...

#+##.. ...##.#### +.###
.#..# ...# ...#
.#.####..## #..#
#÷###.##..# +..# #
#.##..##..# #..# .#
.<.'.# +..####..##.# )
#.##.# #....###..h##▓▓▓▓
#'###.##......~†@~~~~~~~
.).####~~..§§.~#'#######
.#..#~~~~~~~..~#....._..
...##~~~§~~§§.~#...._._.
#'##~~~≈≈§§§~§~#..._._._
~~~~~~~~§≈≈≈§§~#.._._._.
+#+++#~≈≈§≈§≈≈~#._._._._
...° ##≈§≈###≈§#_._._._.
....○. #≈≈# #≈§#._._._


You could see a polar bear.

Vanquished Creatures
  A merfolk siren (D)
  A yaktaur (D)
  2 polar bears (D)
  A hornet (D)
  Menkaure (D)
  4 neqoxecs (D)
  A water moccasin (D)
  4 necrophages (D)
  A hell rat (D)
16 creatures vanquished.

Vanquished Creatures (others)
  A water moccasin (D)
1 creature vanquished.

Grand Total: 17 creatures vanquished

Notes
Turn   | Place    | Note
-------+----------+-------------------------------------------
     0 | D        | boopmooplesden the Minotaur Berserker began the quest for
                  | the Orb.
     0 | D        | Reached XP level 1. HP: 19/19 MP: 0/0
     1 | D        | Noticed a necrophage
     1 | D        | Noticed a necrophage
     1 | D        | Noticed a necrophage
     1 | D        | Noticed a necrophage
     8 | D        | Killed a necrophage
     9 | D        | Reached skill level 6 in Long Blades
     9 | D        | Reached XP level 2. HP: 31/31 MP: 1/1
     9 | D        | Reached XP level 3. HP: 38/38 MP: 2/2
    15 | D        | Killed a necrophage
    16 | D        | Reached skill level 8 in Long Blades
    16 | D        | Reached XP level 4. HP: 48/48 MP: 3/3
    20 | D        | Killed a necrophage
    20 | D        | Reached ** piety under Trog
    21 | D        | Reached skill level 9 in Long Blades
    21 | D        | Reached XP level 5. HP: 43/56 MP: 4/4
    28 | D        | Reached skill level 10 in Long Blades
    28 | D        | Reached skill level 5 in Armour
    39 | D        | Killed a water moccasin
   144 | D        | Noticed a neqoxec
   144 | D        | Noticed a neqoxec
   144 | D        | Noticed a neqoxec
   144 | D        | Noticed a neqoxec
   147 | D        | Killed a neqoxec
   148 | D        | Reached skill level 10 in Fighting
   148 | D        | Reached skill level 11 in Long Blades
   148 | D        | Reached skill level 5 in Dodging
   148 | D        | Reached XP level 6. HP: 67/67 MP: 5/5
   152 | D        | Gained mutation: You are dopey. (Int -2) [a neqoxec]
   156 | D        | Killed a neqoxec
   156 | D        | Reached *** piety under Trog
   157 | D        | Reached skill level 12 in Long Blades
   159 | D        | Killed a neqoxec
   160 | D        | Reached XP level 7. HP: 34/75 MP: 6/6
   162 | D        | Gained mutation: You are frail. (-10% HP) [a neqoxec]
   165 | D        | Killed a neqoxec
   166 | D        | Reached skill level 13 in Long Blades
   166 | D        | Reached skill level 1 in Stealth
   388 | D        | Noticed a boulder beetle
   388 | D        | Noticed a boulder beetle
   391 | D        | Noticed a merfolk siren
   406 | D        | Killed a merfolk siren
   406 | D        | Reached **** piety under Trog
   407 | D        | Reached skill level 14 in Long Blades
   407 | D        | Reached XP level 8. HP: 63/76 MP: 7/7
   411 | D        | Noticed an ice statue
   414 | D        | Found Dimeihaj's Jewellery Shop.
   415 | D        | Found Ibemyic's Antique Armour Boutique.
   415 | D        | Found Xauqoq's Distillery.
   416 | D        | Found Wesunoru's Antique Weapon Shop.
   416 | D        | Found Uroz's Antique Weapon Shop.
   417 | D        | Found Moninamia's Distillery.
   417 | D        | Found Lamakheu's Jewellery Boutique.
   652 | D        | Found Qisaokh's Assorted Antiques.
   653 | D        | Found Rusag's Antique Armour Shop.
   653 | D        | Found Kueppe Ylyza's Magic Scroll Boutique.
   674 | D        | Found Jidib's Book Shop.
   674 | D        | Found Zuwef's Jewellery Boutique.
   674 | D        | Noticed an oklob plant
   675 | D        | Found Haxinad's Antique Weapon Shop.
   675 | D        | Found Usim's Jewellery Boutique.
   675 | D        | Found Vikurur's Book Shoppe.
   681 | D        | Bought a runed falchion for 144 gold pieces
   684 | D        | Bought a runed tower shield for 240 gold pieces
   684 | D        | Bought a glowing chain mail for 240 gold pieces
   702 | D        | Noticed a slime creature
   702 | D        | Noticed a slime creature
   735 | D        | Found a blossoming altar of Fedhas.
   736 | D        | Found a white marble altar of Elyvilon.
   736 | D        | Noticed Menkaure
   737 | D        | Found a shadowy altar of Dithmenos.
   737 | D        | Found a corrupted altar of Lugonu.
   737 | D        | Found an opulent altar of Gozag.
   737 | D        | Found a burning altar of Makhleb.
   737 | D        | Noticed a polar bear
   738 | D        | Found a snail-covered altar of Cheibriados.
   738 | D        | Found an ancient bone altar of Kikubaaqudgha.
   738 | D        | Found a bloodstained altar of Trog.
   738 | D        | Noticed a hornet
   739 | D        | Found a viscous altar of Jiyva.
   739 | D        | Found a shimmering blue altar of Sif Muna.
   741 | D        | Noticed a polar bear
   742 | D        | Noticed a yaktaur
   743 | D        | Killed a hornet
   747 | D        | Killed a polar bear
   748 | D        | Reached skill level 15 in Long Blades
   749 | D        | Killed a polar bear
   749 | D        | Reached ***** piety under Trog
   752 | D        | Killed Menkaure
   753 | D        | Found a sparkling altar of Nemelex Xobeh.
   753 | D        | Found a hide-covered altar of Uskayaw.
   753 | D        | Found a basalt altar of Yredelemnul.
   754 | D        | Found a hazy altar of Hepliaklqana.
   754 | D        | Found a sacrificial altar of Ru.
   754 | D        | Found a shimmering altar of Xom.
   758 | D        | Killed a yaktaur
   759 | D        | Reached skill level 1 in Shields
   759 | D        | Found a stormy altar of Qazlal.
   759 | D        | Found an ornate altar of the Wu Jian Council.
   759 | D        | Noticed a polar bear
   760 | D        | HP: 1/81 [polar bear (9)]
   761 | D        | Slain by a polar bear

Illustrated notes

Levels and vault maps discovered:
D:        the_violet_keep_of_menkaure [sprint2_stairs_cluster_1,
          sprint2_shoproom, sprint2_temple, sprint2_basic_supplies,
          sprint2_obstacle_2, sprint2_obstacle_1, sprint2_obstacle_4,
          sprint2_obstacle_7, sprint2_obstacle_3, sprint2_timed_cluster_1,
          sprint2_smallroom_cluster_1, sprint2_smallroom_final_cluster_1,
          sprint2_transparent_cluster_1, sprint2_second_timed_cluster_1,
          sprint2_sniper_area_1, sprint2_heavy_combat_area_1,
          sprint2_mutation_trap_area_1, sprint2_forest_area_1,
          sprint2_light_combat_area_1, sprint2_behind_water_1,
          sprint2_near_end_vault_1]

Skill      XL: |  1  2  3  4  5  6  7  8 |
---------------+-------------------------+-----
Fighting       | 6 7 8 10 11 12 14 | 14.3
Long Blades    | 6 8 9 11 12 14 15 | 15.7
Armour         | 3 4 5 6 7 |  7.4
Dodging        | 3 4 5 6 7 |  7.9
Stealth        | 1 2 |  2.7
Shields        | 1 |  1.1

Action                   |  1- 3 |  4- 6 |  7- 9 || total
-------------------------+-------+-------+-------++-------
Melee: Falchion          |    10 |    25 |    56 ||    91
       Headbutt          |     2 |     5 |    10 ||    17
       Punch             |       |       |     1 ||     1
Invok: Berserk           |     1 |     1 |     2 ||     4
Armor: Animal skin       |     1 |       |       ||     1
       Chain mail        |       |       |    12 ||    12
Dodge: Dodged            |     5 |     8 |    14 ||    27
Block: Tower shield      |       |       |    11 ||    11
